Penguins vs Flames

Created - October 24, 2020 at 21:07

Goals
1 2 3 T
Penguins 0 0 0 0
Flames 1 1 2 4
Shots
1 2 3 T
Penguins 19 6 14 39
Flames 6 21 10 37

1st period

1. Flames , Eric Staal 3 (David Backes 1) at 7:40

Penalties :
No Penalty

2nd period

2. Flames , Colin Wilson 1 (Erik Johnson 2, Brad Marchand 1) at 6:15 (SH)

Penalties :
Alexander Semin (Cal) for Slashing (Minor) at 1:50, Alexander Semin (Cal) for Holding Stick (Minor) at 5:22, Kyle Palmieri (Cal) for Hooking (Minor) at 10:22, Andrew Cogliano (Pit) for Holding (Minor) at 15:05

3rd period

3. Flames , Eric Staal 4 (Alexander Semin 3, Tyler Shattock 1) at 9:20 (PP)
4. Flames , Sami Vatanen 2 (Eric Staal 3) at 18:04 (PP)

Penalties :
Brad Marchand (Cal) for Holding (Minor) at 3:05, Alexander Semin (Cal) for Diving (Minor) at 3:21, Marian Hossa (Pit) for Tripping (Minor) at 9:05, Alexander Semin (Cal) for Roughing (Minor) at 11:59, Joe Colborne (Pit) for Hooking (Minor) at 14:23, Nikita Kucherov (Pit) for Interference (Minor) at 17:36

Goalie Stats

Michal Neuvirth (Pit), 33 saves from 37 shots - (0.892), L, 0-3-1, 60:00 minutes
Henrik Lundqvist (Cal), 39 saves from 39 shots - (1.000), W, 2-1-0, 60:00 minutes

Players Stats for Penguins

Player Name              G  A  P  +/- PIM S  H  SB GA TA FO     MP     PP MP  PK MP  
------------------------------------------------------------------------------------
Adam Burish              0  0  0   0  0   0  1  1  0  1  0/1    11:53   0:00   0:00 
Alexei Marchenko         0  0  0  -1  0   1  0  0  0  0  0/0     9:55   0:00   0:00 
Andrew Cogliano          0  0  0  -1  2   2  1  1  1  1  3/3    20:54   5:39   1:42 
Danny DeKeiser           0  0  0   0  0   3  1  3  0  0  0/0    21:11   4:03   1:50 
Eric Gryba               0  0  0  -1  0   0  1  3  0  1  0/0     9:55   0:00   0:00 
Joe Colborne             0  0  0   0  2   2  1  0  0  0  4/6    12:29   0:10   0:00 
Keith Aulie              0  0  0   0  0   1  1  2  0  0  0/0    21:11   4:03   1:50 
Logan Couture            0  0  0  -1  0   1  1  1  0  1  5/13   18:27   4:22   0:16 
Marcus Foligno           0  0  0   0  0   2  0  1  0  1  0/0    13:53   0:10   1:06 
Marian Hossa             0  0  0  -1  2   1  1  1  0  0  0/0    18:10   4:22   0:00 
Matt Corrente            0  0  0   0  0   0  0  2  0  0  0/0     3:18   0:00   0:00 
Michael Raffl            0  0  0   0  0   0  0  0  1  0  0/0     5:57   0:00   0:22 
Nikita Kucherov          0  0  0  -1  2   8  1  1  2  1  1/3    19:45   5:39   0:39 
Sean Monahan             0  0  0   0  0   4  0  1  0  0  3/5     7:33   0:00   1:43 
Sean Zimmerman           0  0  0  -1  0   1  1  2  0  0  0/0    28:54   6:08   2:51 
Steven Stamkos           0  0  0  -1  0   7  0  0  2  1  16/39  27:24   5:49   2:55 
Thomas Vanek             0  0  0  -1  0   4  2  1  2  1  0/1    18:50   4:22   0:39 
Victor Hedman            0  0  0  -1  0   2  1  2  0  1  0/0    25:36   6:08   2:51 

Players Stats for Flames

Player Name              G  A  P  +/- PIM S  H  SB GA TA FO     MP     PP MP  PK MP  
------------------------------------------------------------------------------------
Alexander Semin          0  1  1   0  8   4  0  0  1  0  1/1    16:21   2:49   0:59 
Anders Lee               0  0  0   0  0   3  3  0  0  0  2/5     9:26   0:00   1:09 
Brad Marchand            0  1  1   2  2   0  1  0  1  2  0/0    21:06   1:42   3:19 
Brendan Mikkelson        0  0  0   0  0   0  1  0  0  0  0/0    10:13   0:00   0:00 
Colby Robak              0  0  0   1  0   0  0  0  0  3  0/0    21:19   1:29   3:28 
Colin Wilson             1  0  1   1  0   1  0  1  1  1  3/7    13:31   0:00   4:16 
David Backes             0  1  1   1  0   4  2  1  0  0  2/4    19:58   0:00   3:54 
David Savard             0  0  0   0  0   1  2  1  0  0  0/0    10:13   0:00   0:00 
David Ullstrom           0  0  0   0  0   1  0  0  0  0  0/0     8:27   0:10   0:00 
Derek Meech              0  0  0   1  0   3  3  1  1  0  0/0    21:19   1:29   3:28 
Eric Staal               2  1  3   1  0   11 1  3  1  0  18/30  19:14   2:49   0:52 
Erik Johnson             0  1  1   1  0   4  0  0  0  1  0/0    28:28   3:12   6:43 
Jimmy Hayes              0  0  0   0  0   0  0  0  1  0  0/0    10:03   1:52   0:00 
Kyle Palmieri            0  0  0   0  2   1  0  0  1  0  0/0     8:24   0:00   0:00 
Patrik Berglund          0  0  0   0  0   1  2  0  2  0  11/21  17:49   1:52   3:54 
Sami Vatanen             1  0  1   1  0   3  0  4  0  1  0/0    28:28   3:12   6:43 
Steve Regier             0  0  0   0  0   0  0  1  0  0  0/0     8:53   0:00   0:15 
Tyler Shattock           0  1  1   0  0   0  0  0  0  0  2/3    14:48   2:49   0:00 

3 Stars

1 - Henrik Lundqvist (Cal)
2 - Eric Staal (Cal)
3 - Sami Vatanen (Cal)

Power Play

Penguins - 0 on 6 Attempt(s) - 0.00%
Flames - 2 on 4 Attempt(s) - 50.00%

Penalty Kill

Penguins - 2 on 4 Attempt(s) - 50.00% - Score 0 goal in Penalty Kill
Flames - 6 on 6 Attempt(s) - 100.00% - Score 1 goal in Penalty Kill

Team Stat

Penguins - Hits : 13 - Faceoff Wins : 32 - Blocked Shots : 22 - Penalty Minutes : 8
Flames - Hits : 15 - Faceoff Wins : 39 - Blocked Shots : 12 - Penalty Minutes : 12

Official

Referees : Unknown
Linesman : Unknown

Game Notes

No Game Note

Finance

Level 1 -- Attendance: 4968 (82.80%) -- Ticket Income $551,448
Level 2 -- Attendance: 4023 (80.46%) -- Ticket Income $285,633
Level 3 -- Attendance: 1530 (76.50%) -- Ticket Income $70,380
Level 4 -- Attendance: 3424 (85.60%) -- Ticket Income $106,144
Luxury Box -- Attendance: 840 (84.00%) -- Ticket Income $164,640
Game was played at the Metal Center.
Total Attendance: 14785 (82.14%)
Total Ticket Income: $1,178,245
Other Income: $176,737
Total Income: $1,354,982

Penguins

5 vs 5 Forward 
   Center                   Left Wing                Right Wing               Time % Phy DF OF 
 1 Steven Stamkos           Andrew Cogliano          Nikita Kucherov          40     1   2  2  
 2 Logan Couture            Thomas Vanek             Marian Hossa             30     1   2  2  
 3 Joe Colborne             Marcus Foligno           Adam Burish              20     1   2  2  
 4 Sean Monahan             Michael Raffl            Steven Stamkos           10     1   2  2  

5 vs 5 Defense 
   Defense                  Defense                                           Time % Phy DF OF 
 1 Sean Zimmerman           Victor Hedman                                     40     1   2  2  
 2 Keith Aulie              Danny DeKeiser                                    30     1   2  2  
 3 Eric Gryba               Alexei Marchenko                                  20     1   2  2  
 4 Matt Corrente            Sean Zimmerman                                    10     1   2  2  

PowerPlay Forward 
   Center                   Left Wing                Right Wing               Time % Phy DF OF 
 1 Steven Stamkos           Andrew Cogliano          Nikita Kucherov          60     1   2  2  
 2 Logan Couture            Thomas Vanek             Marian Hossa             40     1   2  2  

PowerPlay Defense
   Defense                  Defense                                           Time % Phy DF OF 
 1 Sean Zimmerman           Victor Hedman                                     60     1   2  2  
 2 Keith Aulie              Danny DeKeiser                                    40     1   2  2  

Penalty Kill 4 Players Forward 
   Center                   Wing                     Time % Phy DF OF 
 1 Steven Stamkos           Andrew Cogliano          60     1   2  2  
 2 Thomas Vanek             Nikita Kucherov          40     1   2  2  

Penalty Kill 4 Players Defense
   Defense                  Defense                  Time % Phy DF OF 
 1 Sean Zimmerman           Victor Hedman            60     1   2  2  
 2 Keith Aulie              Danny DeKeiser           40     1   2  2  

Penalty Kill - 3 Players Forward 
   Forward                                           Time % Phy DF OF 
 1 Steven Stamkos                                    60     1   2  2  
 2 Andrew Cogliano                                   40     1   2  2  

Penalty Kill - 3 Players Defense
   Defense                  Defense                  Time % Phy DF OF 
 1 Sean Zimmerman           Victor Hedman            60     1   2  2  
 2 Keith Aulie              Danny DeKeiser           40     1   2  2  

4 vs 4 Forward 
   Center                   Wing                     Time % Phy DF OF 
 1 Steven Stamkos           Andrew Cogliano          60     1   2  2  
 2 Thomas Vanek             Nikita Kucherov          40     1   2  2  

4 vs 4 Defense
   Defense                  Defense                  Time % Phy DF OF 
 1 Sean Zimmerman           Victor Hedman            60     1   2  2  
 2 Keith Aulie              Danny DeKeiser           40     1   2  2  

Last Minutes Offensive
   Center                   Left Wing                Right Wing               Defense                  Defense                  
   Steven Stamkos           Andrew Cogliano          Nikita Kucherov          Sean Zimmerman           Victor Hedman            

Last Minutes Defensive
   Center                   Left Wing                Right Wing               Defense                  Defense                  
   Steven Stamkos           Andrew Cogliano          Nikita Kucherov          Sean Zimmerman           Victor Hedman            

Goaltenders
Starting : Michal Neuvirth          
Backup : Sergei Bobrovsky         

Extra Forwards
Normal : Marcus Foligno, Joe Colborne, Sean Monahan - PP : Marcus Foligno, Joe Colborne - PK : Sean Monahan
Extra Defensemen
Normal : Eric Gryba, Alexei Marchenko, Matt Corrente - PP : Eric Gryba - PK : Alexei Marchenko, Matt Corrente
Penalty Shots
Steven Stamkos, Andrew Cogliano, Thomas Vanek, Nikita Kucherov, Logan Couture

Scratches
Andreas Martinsen (Healthy), Dustin Brown (Sprained Right Finger Injury), Viktor Arvidsson (Left Foot Injury)

Flames

5 vs 5 Forward 
   Center                   Left Wing                Right Wing               Time % Phy DF OF 
 1 Eric Staal               Brad Marchand            David Backes             40     1   2  2  
 2 Patrik Berglund          Alexander Semin          Tyler Shattock           33     1   2  2  
 3 Colin Wilson             Steve Regier             Jimmy Hayes              19     1   2  2  
 4 Anders Lee               David Ullstrom           Kyle Palmieri            8      1   2  2  

5 vs 5 Defense 
   Defense                  Defense                                           Time % Phy DF OF 
 1 Erik Johnson             Sami Vatanen                                      38     1   2  2  
 2 Derek Meech              Colby Robak                                       29     2   2  1  
 3 Brendan Mikkelson        David Savard                                      23     2   2  1  
 4 Derek Meech              Colby Robak                                       10     2   2  1  

PowerPlay Forward 
   Center                   Left Wing                Right Wing               Time % Phy DF OF 
 1 Eric Staal               Alexander Semin          Tyler Shattock           60     1   2  2  
 2 Patrik Berglund          Brad Marchand            Jimmy Hayes              40     1   2  2  

PowerPlay Defense
   Defense                  Defense                                           Time % Phy DF OF 
 1 Erik Johnson             Sami Vatanen                                      60     1   2  2  
 2 Derek Meech              Colby Robak                                       40     1   2  2  

Penalty Kill 4 Players Forward 
   Center                   Wing                     Time % Phy DF OF 
 1 Patrik Berglund          David Backes             50     1   3  1  
 2 Colin Wilson             Alexander Semin          50     1   3  1  

Penalty Kill 4 Players Defense
   Defense                  Defense                  Time % Phy DF OF 
 1 Erik Johnson             Sami Vatanen             58     1   3  1  
 2 Derek Meech              Colby Robak              42     1   3  1  

Penalty Kill - 3 Players Forward 
   Forward                                           Time % Phy DF OF 
 1 Eric Staal                                        50     1   4  0  
 2 Brad Marchand                                     50     1   4  0  

Penalty Kill - 3 Players Defense
   Defense                  Defense                  Time % Phy DF OF 
 1 Erik Johnson             Sami Vatanen             58     1   4  0  
 2 Derek Meech              Colby Robak              42     1   4  0  

4 vs 4 Forward 
   Center                   Wing                     Time % Phy DF OF 
 1 Eric Staal               Alexander Semin          60     2   2  1  
 2 Colin Wilson             Brad Marchand            40     2   2  1  

4 vs 4 Defense
   Defense                  Defense                  Time % Phy DF OF 
 1 Erik Johnson             Sami Vatanen             60     2   2  1  
 2 Derek Meech              Colby Robak              40     2   2  1  

Last Minutes Offensive
   Center                   Left Wing                Right Wing               Defense                  Defense                  
   Eric Staal               Alexander Semin          David Backes             Erik Johnson             Sami Vatanen             

Last Minutes Defensive
   Center                   Left Wing                Right Wing               Defense                  Defense                  
   Eric Staal               Alexander Semin          David Backes             Erik Johnson             Sami Vatanen             

Goaltenders
Starting : Henrik Lundqvist         
Backup : Christopher Gibson       

Extra Forwards
Normal : Brad Marchand, Alexander Semin, David Ullstrom - PP : David Ullstrom, Colin Wilson - PK : Brad Marchand
Extra Defensemen
Normal : Sami Vatanen, Derek Meech, Colby Robak - PP : Derek Meech - PK : Brendan Mikkelson, David Savard
Penalty Shots
Eric Staal, Alexander Semin, David Backes, Brad Marchand, Patrik Berglund

Scratches
Alexander Radulov (Suspend)

% Time on Ice - Penguins

Lines # - Real PCT - Wanted PCT - Time Play
Normal Forward
1 - 31% - 40% - 13:51
2 - 31% - 30% - 13:49
3 - 26% - 20% - 11:53
4 - 12% - 10% - 5:35
Normal Defense
1 - 37% - 40% - 16:37
2 - 34% - 30% - 15:18
3 - 22% - 20% - 9:55
4 - 7% - 10% - 3:18
PP Forward
1 - 57% - 60% - 5:49
2 - 43% - 40% - 4:22
PP Defense
1 - 60% - 60% - 6:08
2 - 40% - 40% - 4:03
PK Forward
1 - 86% - 60% - 4:02
2 - 14% - 40% - 0:39
PK Defense
1 - 61% - 60% - 2:51
2 - 39% - 40% - 1:50
PK3 Forward
1 - 0% - 60%
2 - 0% - 40%
PK3 Defense
1 - 0% - 60%
2 - 0% - 40%
44 Forward
1 - 0% - 60%
2 - 0% - 40%
44 Defense
1 - 0% - 60%
2 - 0% - 40%
Last Minute Offensive  - 0:00
Last Minute Defensive  - 0:00
Total
Forward - 60:00
Defense - 60:00

% Time on Ice - Flames

Lines # - Real PCT - Wanted PCT - Time Play
Normal Forward
1 - 35% - 40% - 15:41
2 - 28% - 33% - 12:32
3 - 19% - 19% - 8:38
4 - 18% - 8% - 8:17
Normal Defense
1 - 41% - 38% - 18:33
2 - 30% - 29% - 13:38
3 - 23% - 23% - 10:13
4 - 6% - 10% - 2:44
PP Forward
1 - 60% - 60% - 2:49
2 - 40% - 40% - 1:52
PP Defense
1 - 68% - 60% - 3:12
2 - 32% - 40% - 1:29
PK Forward
1 - 47% - 50% - 3:57
2 - 53% - 50% - 4:31
PK Defense
1 - 64% - 58% - 5:27
2 - 36% - 42% - 3:01
PK3 Forward
1 - 48% - 50% - 0:49
2 - 52% - 50% - 0:54
PK3 Defense
1 - 74% - 58% - 1:16
2 - 26% - 42% - 0:27
44 Forward
1 - 0% - 60%
2 - 0% - 40%
44 Defense
1 - 0% - 60%
2 - 0% - 40%
Last Minute Offensive  - 0:00
Last Minute Defensive  - 0:00
Total
Forward - 60:00
Defense - 60:00

Play-by-Play

1st period


0:01 of 1st period - Steven Stamkos wins face-off versus Eric Staal in neutral zone.
0:06 of 1st period - Wrist shot by Nikita Kucherov.
0:06 of 1st period - Stopped by Henrik Lundqvist without a rebound.
0:07 of 1st period - Steven Stamkos wins face-off versus Eric Staal in Flames zone.
0:38 of 1st period - Wrist shot by Brad Marchand.
0:38 of 1st period - Shot Blocked by Victor Hedman.
1:06 of 1st period - Snap shot by Steven Stamkos.
1:06 of 1st period - Deflect By Andrew Cogliano.
1:06 of 1st period - Shot Misses the Net.
1:06 of 1st period - Puck is out of play.
1:07 of 1st period - Patrik Berglund wins face-off versus Logan Couture in Flames zone.
1:47 of 1st period - Steve Regier is hit by Adam Burish and loses puck.
2:00 of 1st period - Wrist shot by Jimmy Hayes.
2:00 of 1st period - Shot Misses the Net.
2:22 of 1st period - Wrist shot by Anders Lee.
2:22 of 1st period - Stopped by Michal Neuvirth with a rebound.
2:26 of 1st period - Snap shot by Kyle Palmieri.
2:26 of 1st period - Shot Hit the Post.
2:28 of 1st period - Snap shot by Anders Lee.
2:28 of 1st period - Shot Blocked by Matt Corrente.
2:30 of 1st period - Slapshot by Derek Meech.
2:30 of 1st period - Stopped by Michal Neuvirth without a rebound.
2:31 of 1st period - Joe Colborne wins face-off versus Patrik Berglund in Penguins zone.
3:19 of 1st period - Icing by Anders Lee.
3:20 of 1st period - Logan Couture wins face-off versus Anders Lee in Flames zone.
3:23 of 1st period - Slapshot by Logan Couture.
3:23 of 1st period - Stopped by Henrik Lundqvist with a rebound.
3:25 of 1st period - Snap shot by Thomas Vanek.
3:25 of 1st period - Stopped by Henrik Lundqvist without a rebound.
3:26 of 1st period - Logan Couture wins face-off versus Patrik Berglund in Flames zone.
3:27 of 1st period - Wrist shot by Thomas Vanek.
3:27 of 1st period - Stopped by Henrik Lundqvist with a rebound.
5:10 of 1st period - Wrist shot by Logan Couture.
5:10 of 1st period - Shot Misses the Net.
5:12 of 1st period - Slapshot by Danny DeKeiser.
5:12 of 1st period - Stopped by Henrik Lundqvist with a rebound.
5:34 of 1st period - Adam Burish is hit by Derek Meech and loses puck.
5:47 of 1st period - David Savard is hit by Logan Couture and loses puck.
5:59 of 1st period - Icing by Jimmy Hayes.
6:00 of 1st period - Steven Stamkos wins face-off versus Patrik Berglund in Flames zone.
6:23 of 1st period - Joe Colborne is hit by David Savard and loses puck.
6:53 of 1st period - Logan Couture is hit by Brendan Mikkelson.
7:21 of 1st period - Sean Zimmerman is hit by Anders Lee and loses puck.
7:30 of 1st period - Snap shot by Kyle Palmieri.
7:30 of 1st period - Shot Blocked by Sean Zimmerman.
7:32 of 1st period - Wrist shot by Kyle Palmieri.
7:32 of 1st period - Shot Blocked by Adam Burish.
7:34 of 1st period - Wrist shot by Anders Lee.
7:34 of 1st period - Stopped by Michal Neuvirth without a rebound.
7:35 of 1st period - Eric Staal wins face-off versus Steven Stamkos in Penguins zone.
7:40 of 1st period - Slapshot by Eric Staal.
7:40 of 1st period - Goal by Eric Staal - Penguins : 0 - Flames : 1.
7:41 of 1st period - Steven Stamkos wins face-off versus Patrik Berglund in neutral zone.
9:05 of 1st period - Slapshot by Anders Lee.
9:05 of 1st period - Deflect By David Ullstrom.
9:05 of 1st period - Shot Blocked by Keith Aulie.
9:05 of 1st period - Puck is out of play.
9:06 of 1st period - Logan Couture wins face-off versus Eric Staal in Penguins zone.
9:15 of 1st period - Slapshot by Logan Couture.
9:15 of 1st period - Shot Blocked by Eric Staal.
9:35 of 1st period - Snap shot by Marcus Foligno.
9:35 of 1st period - Deflect By Alexander Semin.
9:35 of 1st period - Shot Misses the Net.
9:35 of 1st period - Puck is out of play.
9:36 of 1st period - Patrik Berglund wins face-off versus Steven Stamkos in Flames zone.
9:45 of 1st period - Snap shot by Steven Stamkos.
9:45 of 1st period - Stopped by Henrik Lundqvist with a rebound.
9:47 of 1st period - Slapshot by Victor Hedman.
9:47 of 1st period - Stopped by Henrik Lundqvist with a rebound.
9:49 of 1st period - Slapshot by Sean Zimmerman.
9:49 of 1st period - Deflect By Andrew Cogliano.
9:49 of 1st period - Shot Misses the Net.
9:49 of 1st period - Puck is out of play.
9:50 of 1st period - Steven Stamkos wins face-off versus Eric Staal in Flames zone.
11:06 of 1st period - Off-side.
11:07 of 1st period - Sean Monahan wins face-off versus Eric Staal in neutral zone.
11:18 of 1st period - Snap shot by Sean Monahan.
11:18 of 1st period - Stopped by Henrik Lundqvist with a rebound.
11:46 of 1st period - Snap shot by Sean Monahan.
11:46 of 1st period - Stopped by Henrik Lundqvist with a rebound.
11:48 of 1st period - Snap shot by Steven Stamkos.
11:48 of 1st period - Shot Blocked by David Savard.
12:02 of 1st period - Wrist shot by Sean Monahan.
12:02 of 1st period - Shot Blocked by Eric Staal.
12:04 of 1st period - Wrist shot by Steven Stamkos.
12:04 of 1st period - Stopped by Henrik Lundqvist with a rebound.
12:06 of 1st period - Snap shot by Sean Zimmerman.
12:06 of 1st period - Shot Misses the Net.
12:16 of 1st period - Wrist shot by Sean Monahan.
12:16 of 1st period - Stopped by Henrik Lundqvist with a rebound.
12:18 of 1st period - Slapshot by Danny DeKeiser.
12:18 of 1st period - Shot Misses the Net.
12:24 of 1st period - Snap shot by Sean Monahan.
12:24 of 1st period - Stopped by Henrik Lundqvist without a rebound.
12:25 of 1st period - Patrik Berglund wins face-off versus Logan Couture in Flames zone.
13:02 of 1st period - Wrist shot by Joe Colborne.
13:02 of 1st period - Stopped by Henrik Lundqvist without a rebound.
13:03 of 1st period - Joe Colborne wins face-off versus Patrik Berglund in Flames zone.
13:08 of 1st period - Snap shot by Marcus Foligno.
13:08 of 1st period - Stopped by Henrik Lundqvist with a rebound.
13:35 of 1st period - Wrist shot by Colin Wilson.
13:35 of 1st period - Shot Misses the Net.
13:47 of 1st period - Snap shot by Steven Stamkos.
13:47 of 1st period - Stopped by Henrik Lundqvist with a rebound.
13:49 of 1st period - Slapshot by Keith Aulie.
13:49 of 1st period - Shot Misses the Net.
13:51 of 1st period - Slapshot by Danny DeKeiser.
13:51 of 1st period - Stopped by Henrik Lundqvist with a rebound.
13:53 of 1st period - Wrist shot by Steven Stamkos.
13:53 of 1st period - Shot Misses the Net.
14:07 of 1st period - Wrist shot by Patrik Berglund.
14:07 of 1st period - Shot Blocked by Marcus Foligno.
14:09 of 1st period - Wrist shot by Erik Johnson.
14:09 of 1st period - Shot Misses the Net.
14:11 of 1st period - Slapshot by Erik Johnson.
14:11 of 1st period - Stopped by Michal Neuvirth with a rebound.
14:21 of 1st period - Eric Staal is hit by Thomas Vanek and loses puck.
14:28 of 1st period - Snap shot by Logan Couture.
14:28 of 1st period - Shot Misses the Net.
14:40 of 1st period - Wrist shot by Steven Stamkos.
14:40 of 1st period - Shot Blocked by Steve Regier.
14:42 of 1st period - Snap shot by Steven Stamkos.
14:42 of 1st period - Stopped by Henrik Lundqvist with a rebound.
14:49 of 1st period - Icing by Steve Regier.
14:50 of 1st period - Anders Lee wins face-off versus Sean Monahan in Flames zone.
15:01 of 1st period - Wrist shot by Kyle Palmieri.
15:01 of 1st period - Shot Hit the Post.
15:05 of 1st period - Snap shot by Anders Lee.
15:05 of 1st period - Deflect By David Ullstrom.
15:05 of 1st period - Stopped by Michal Neuvirth with a rebound.
16:37 of 1st period - Thomas Vanek is hit by David Savard and loses puck.
17:25 of 1st period - Wrist shot by Nikita Kucherov.
17:25 of 1st period - Stopped by Henrik Lundqvist with a rebound.
17:33 of 1st period - Slapshot by Alexander Semin.
17:33 of 1st period - Shot Blocked by Matt Corrente.
18:38 of 1st period - Snap shot by Nikita Kucherov.
18:38 of 1st period - Stopped by Henrik Lundqvist with a rebound.
19:23 of 1st period - Andrew Cogliano is hit by Anders Lee and loses puck.
Goals for this period are 0 for Penguins vs 1 for Flames.
Shots for this period are 19 for Penguins vs 6 for Flames.

2nd period


0:01 of 2nd period - Steven Stamkos wins face-off versus Eric Staal in neutral zone.
0:10 of 2nd period - Snap shot by Nikita Kucherov.
0:10 of 2nd period - Stopped by Henrik Lundqvist with a rebound.
0:12 of 2nd period - Wrist shot by Steven Stamkos.
0:12 of 2nd period - Deflect By Andrew Cogliano.
0:12 of 2nd period - Stopped by Henrik Lundqvist without a rebound.
0:13 of 2nd period - Eric Staal wins face-off versus Steven Stamkos in Flames zone.
0:42 of 2nd period - Slapshot by Derek Meech.
0:42 of 2nd period - Stopped by Michal Neuvirth without a rebound.
0:43 of 2nd period - Patrik Berglund wins face-off versus Logan Couture in Penguins zone.
0:44 of 2nd period - Snap shot by Alexander Semin.
0:44 of 2nd period - Shot Blocked by Danny DeKeiser.
0:46 of 2nd period - Snap shot by Patrik Berglund.
0:46 of 2nd period - Shot Blocked by Danny DeKeiser.
0:48 of 2nd period - Snap shot by Alexander Semin.
0:48 of 2nd period - Stopped by Michal Neuvirth without a rebound.
0:49 of 2nd period - Eric Staal wins face-off versus Steven Stamkos in Penguins zone.
1:24 of 2nd period - Slapshot by Adam Burish.
1:24 of 2nd period - Shot Blocked by Eric Staal.
1:26 of 2nd period - Wrist shot by Marcus Foligno.
1:26 of 2nd period - Stopped by Henrik Lundqvist without a rebound.
1:27 of 2nd period - Steven Stamkos wins face-off versus Tyler Shattock in Flames zone.
1:50 of 2nd period - Minor Penalty to Alexander Semin for Slashing.
1:51 of 2nd period - Patrik Berglund wins face-off versus Steven Stamkos in Flames zone.
2:18 of 2nd period - Marian Hossa is hit by David Backes and loses puck.
2:40 of 2nd period - Icing by Nikita Kucherov.
2:41 of 2nd period - Steven Stamkos wins face-off versus Colin Wilson in Penguins zone.
3:50 of 2nd period - Penalty to Alexander Semin is over, Alexander Semin is back on ice.
3:53 of 2nd period - Off-side.
3:54 of 2nd period - Tyler Shattock wins face-off versus Joe Colborne in neutral zone.
3:57 of 2nd period - Danny DeKeiser is hit by Patrik Berglund and loses puck.
4:43 of 2nd period - Wrist shot by Eric Staal.
4:43 of 2nd period - Stopped by Michal Neuvirth with a rebound.
5:05 of 2nd period - Slapshot by Victor Hedman.
5:05 of 2nd period - Shot Misses the Net.
5:22 of 2nd period - Minor Penalty to Alexander Semin for Holding Stick.
5:23 of 2nd period - David Backes wins face-off versus Steven Stamkos in Flames zone.
5:23 of 2nd period - David Backes is hit by Nikita Kucherov.
5:39 of 2nd period - Wrist shot by David Backes.
5:39 of 2nd period - Stopped by Michal Neuvirth with a rebound.
5:45 of 2nd period - Patrik Berglund is hit by Sean Zimmerman and loses puck.
5:57 of 2nd period - Icing by Marian Hossa.
5:58 of 2nd period - Colin Wilson wins face-off versus Logan Couture in Penguins zone.
6:13 of 2nd period - Slapshot by Erik Johnson.
6:13 of 2nd period - Stopped by Michal Neuvirth with a rebound.
6:15 of 2nd period - Backhand shot by Colin Wilson.
6:15 of 2nd period - Goal by Colin Wilson - Penguins : 0 - Flames : 2.
6:16 of 2nd period - Nikita Kucherov wins face-off versus Patrik Berglund in neutral zone.
7:22 of 2nd period - Penalty to Alexander Semin is over, Alexander Semin is back on ice.
7:38 of 2nd period - Wrist shot by David Ullstrom.
7:38 of 2nd period - Shot Blocked by Keith Aulie.
8:00 of 2nd period - Icing by Alexei Marchenko.
8:01 of 2nd period - Logan Couture wins face-off versus Patrik Berglund in Penguins zone.
8:22 of 2nd period - Wrist shot by Alexander Semin.
8:22 of 2nd period - Deflect By Patrik Berglund.
8:22 of 2nd period - Shot Misses the Net.
8:22 of 2nd period - Puck is out of play.
8:23 of 2nd period - Eric Staal wins face-off versus Steven Stamkos in Penguins zone.
8:30 of 2nd period - Wrist shot by Brad Marchand.
8:30 of 2nd period - Shot Blocked by Andrew Cogliano.
8:32 of 2nd period - Snap shot by David Backes.
8:32 of 2nd period - Deflect By Eric Staal.
8:32 of 2nd period - Stopped by Michal Neuvirth without a rebound.
8:33 of 2nd period - Eric Staal wins face-off versus Steven Stamkos in Penguins zone.
8:34 of 2nd period - Snap shot by David Backes.
8:34 of 2nd period - Stopped by Michal Neuvirth without a rebound.
8:35 of 2nd period - Steven Stamkos wins face-off versus Eric Staal in Penguins zone.
8:48 of 2nd period - Snap shot by Nikita Kucherov.
8:48 of 2nd period - Stopped by Henrik Lundqvist with a rebound.
8:50 of 2nd period - Slapshot by Sean Zimmerman.
8:50 of 2nd period - Stopped by Henrik Lundqvist without a rebound.
8:51 of 2nd period - Logan Couture wins face-off versus Patrik Berglund in Flames zone.
8:52 of 2nd period - Snap shot by Thomas Vanek.
8:52 of 2nd period - Shot Blocked by Derek Meech.
9:00 of 2nd period - Marian Hossa is hit by Derek Meech and loses puck.
9:59 of 2nd period - Icing by Joe Colborne.
10:00 of 2nd period - Sean Monahan wins face-off versus Anders Lee in Penguins zone.
10:00 of 2nd period - Sean Monahan is hit by Anders Lee.
10:22 of 2nd period - Minor Penalty to Kyle Palmieri for Hooking.
10:23 of 2nd period - Steven Stamkos wins face-off versus Patrik Berglund in Flames zone.
10:30 of 2nd period - Wrist shot by Andrew Cogliano.
10:30 of 2nd period - Shot Blocked by David Backes.
11:42 of 2nd period - Colby Robak is hit by Thomas Vanek and loses puck.
12:22 of 2nd period - Penalty to Kyle Palmieri is over, Kyle Palmieri is back on ice.
12:22 of 2nd period - Marcus Foligno is hit by Patrik Berglund and loses puck.
12:37 of 2nd period - Wrist shot by Kyle Palmieri.
12:37 of 2nd period - Shot Blocked by Eric Gryba.
12:39 of 2nd period - Snap shot by Kyle Palmieri.
12:39 of 2nd period - Deflect By Anders Lee.
12:39 of 2nd period - Stopped by Michal Neuvirth with a rebound.
12:41 of 2nd period - Slapshot by Derek Meech.
12:41 of 2nd period - Deflect By Kyle Palmieri.
12:41 of 2nd period - Shot Misses the Net.
12:41 of 2nd period - Puck is out of play.
12:42 of 2nd period - Colin Wilson wins face-off versus Joe Colborne in Penguins zone.
13:12 of 2nd period - Snap shot by Erik Johnson.
13:12 of 2nd period - Deflect By Victor Hedman.
13:12 of 2nd period - Stopped by Michal Neuvirth without a rebound.
13:13 of 2nd period - Steven Stamkos wins face-off versus Colin Wilson in Penguins zone.
13:26 of 2nd period - Snap shot by Jimmy Hayes.
13:26 of 2nd period - Shot Blocked by Danny DeKeiser.
13:49 of 2nd period - Snap shot by Kyle Palmieri.
13:49 of 2nd period - Stopped by Michal Neuvirth with a rebound.
13:58 of 2nd period - Off-side.
13:59 of 2nd period - Eric Staal wins face-off versus Adam Burish in neutral zone.
14:02 of 2nd period - Slapshot by Derek Meech.
14:02 of 2nd period - Stopped by Michal Neuvirth with a rebound.
14:16 of 2nd period - Wrist shot by Eric Staal.
14:16 of 2nd period - Stopped by Michal Neuvirth without a rebound.
14:17 of 2nd period - Patrik Berglund wins face-off versus Steven Stamkos in Penguins zone.
14:20 of 2nd period - Snap shot by Patrik Berglund.
14:20 of 2nd period - Shot Blocked by Victor Hedman.
14:22 of 2nd period - Slapshot by Sami Vatanen.
14:22 of 2nd period - Stopped by Michal Neuvirth with a rebound.
14:24 of 2nd period - Wrist shot by Tyler Shattock.
14:24 of 2nd period - Shot Misses the Net.
14:26 of 2nd period - Slapshot by Sami Vatanen.
14:26 of 2nd period - Shot Blocked by Nikita Kucherov.
14:46 of 2nd period - Snap shot by David Backes.
14:46 of 2nd period - Stopped by Michal Neuvirth with a rebound.
14:48 of 2nd period - Slapshot by Sami Vatanen.
14:48 of 2nd period - Shot Blocked by Sean Zimmerman.
14:50 of 2nd period - Slapshot by Sami Vatanen.
14:50 of 2nd period - Stopped by Michal Neuvirth without a rebound.
14:51 of 2nd period - Andrew Cogliano wins face-off versus David Backes in Penguins zone.
15:05 of 2nd period - Minor Penalty to Andrew Cogliano for Holding.
15:06 of 2nd period - Steven Stamkos wins face-off versus Eric Staal in Penguins zone.
15:14 of 2nd period - Steven Stamkos is hit by Eric Staal and loses puck.
15:23 of 2nd period - Snap shot by Alexander Semin.
15:23 of 2nd period - Stopped by Michal Neuvirth without a rebound.
15:24 of 2nd period - Patrik Berglund wins face-off versus Sean Monahan in Penguins zone.
15:31 of 2nd period - Victor Hedman is hit by Brad Marchand.
16:34 of 2nd period - Off-side.
16:35 of 2nd period - Sean Monahan wins face-off versus Eric Staal in neutral zone.
16:54 of 2nd period - Brad Marchand is hit by Danny DeKeiser and loses puck.
17:05 of 2nd period - Penalty to Andrew Cogliano is over, Andrew Cogliano is back on ice.
17:38 of 2nd period - Icing by Keith Aulie.
17:39 of 2nd period - Joe Colborne wins face-off versus Colin Wilson in Penguins zone.
18:12 of 2nd period - Snap shot by Eric Staal.
18:12 of 2nd period - Stopped by Michal Neuvirth without a rebound.
18:13 of 2nd period - Patrik Berglund wins face-off versus Steven Stamkos in Penguins zone.
18:26 of 2nd period - Snap shot by Steven Stamkos.
18:26 of 2nd period - Stopped by Henrik Lundqvist without a rebound.
18:27 of 2nd period - Eric Staal wins face-off versus Steven Stamkos in Flames zone.
18:34 of 2nd period - Steven Stamkos is hit by David Backes and loses puck.
19:22 of 2nd period - Wrist shot by Marcus Foligno.
19:22 of 2nd period - Shot Misses the Net.
19:28 of 2nd period - Snap shot by Erik Johnson.
19:28 of 2nd period - Shot Blocked by Eric Gryba.
19:30 of 2nd period - Backhand shot by Erik Johnson.
19:30 of 2nd period - Stopped by Michal Neuvirth without a rebound.
19:31 of 2nd period - Eric Staal wins face-off versus Nikita Kucherov in Penguins zone.
19:42 of 2nd period - Slapshot by David Backes.
19:42 of 2nd period - Shot Misses the Net.
19:44 of 2nd period - Wrist shot by Eric Staal.
19:44 of 2nd period - Stopped by Michal Neuvirth without a rebound.
19:45 of 2nd period - Eric Staal wins face-off versus Steven Stamkos in Penguins zone.
19:53 of 2nd period - Wrist shot by Eric Staal.
19:53 of 2nd period - Stopped by Michal Neuvirth without a rebound.
19:54 of 2nd period - Eric Staal wins face-off versus Steven Stamkos in Penguins zone.
Goals for this period are 0 for Penguins vs 1 for Flames.
Shots for this period are 6 for Penguins vs 21 for Flames.

3rd period


0:01 of 3rd period - Eric Staal wins face-off versus Steven Stamkos in neutral zone.
0:26 of 3rd period - Alexander Semin is hit by Marian Hossa and loses puck.
0:31 of 3rd period - Wrist shot by Logan Couture.
0:31 of 3rd period - Shot Blocked by Sami Vatanen.
0:33 of 3rd period - Slapshot by Eric Gryba.
0:33 of 3rd period - Shot Misses the Net.
1:12 of 3rd period - Snap shot by Adam Burish.
1:12 of 3rd period - Shot Misses the Net.
1:18 of 3rd period - Slapshot by Derek Meech.
1:18 of 3rd period - Shot Blocked by Sean Monahan.
1:36 of 3rd period - Snap shot by Thomas Vanek.
1:36 of 3rd period - Shot Misses the Net.
2:25 of 3rd period - Kyle Palmieri is hit by Keith Aulie and loses puck.
2:52 of 3rd period - Slapshot by David Savard.
2:52 of 3rd period - Stopped by Michal Neuvirth without a rebound.
2:53 of 3rd period - Eric Staal wins face-off versus Steven Stamkos in Penguins zone.
3:05 of 3rd period - Minor Penalty to Brad Marchand for Holding.
3:06 of 3rd period - Andrew Cogliano wins face-off versus Colin Wilson in Flames zone.
3:08 of 3rd period - Snap shot by Nikita Kucherov.
3:08 of 3rd period - Stopped by Henrik Lundqvist with a rebound.
3:10 of 3rd period - Slapshot by Victor Hedman.
3:10 of 3rd period - Stopped by Henrik Lundqvist with a rebound.
3:12 of 3rd period - Slapshot by Andrew Cogliano.
3:12 of 3rd period - Shot Blocked by Colin Wilson.
3:14 of 3rd period - Slapshot by Sean Zimmerman.
3:14 of 3rd period - Shot Blocked by Sami Vatanen.
3:16 of 3rd period - Slapshot by Victor Hedman.
3:16 of 3rd period - Shot Blocked by Sami Vatanen.
3:21 of 3rd period - Minor Penalty to Alexander Semin for Diving.
3:22 of 3rd period - Steven Stamkos wins face-off versus Eric Staal in Flames zone.
3:24 of 3rd period - Snap shot by Steven Stamkos.
3:24 of 3rd period - Shot Misses the Net.
3:56 of 3rd period - Slapshot by Thomas Vanek.
3:56 of 3rd period - Stopped by Henrik Lundqvist without a rebound.
3:57 of 3rd period - Andrew Cogliano wins face-off versus Anders Lee in Flames zone.
4:14 of 3rd period - Wrist shot by Steven Stamkos.
4:14 of 3rd period - Shot Misses the Net.
4:41 of 3rd period - Icing by Keith Aulie.
4:42 of 3rd period - Anders Lee wins face-off versus Logan Couture in Penguins zone.
5:05 of 3rd period - Penalty to Brad Marchand is over, Brad Marchand is back on ice.
5:15 of 3rd period - Wrist shot by Brad Marchand.
5:15 of 3rd period - Shot Blocked by Logan Couture.
5:21 of 3rd period - Penalty to Alexander Semin is over, Alexander Semin is back on ice.
5:33 of 3rd period - Wrist shot by Alexander Semin.
5:33 of 3rd period - Stopped by Michal Neuvirth without a rebound.
5:34 of 3rd period - Eric Staal wins face-off versus Steven Stamkos in Penguins zone.
6:14 of 3rd period - Snap shot by Alexander Semin.
6:14 of 3rd period - Shot Blocked by Eric Gryba.
6:38 of 3rd period - Colin Wilson is hit by Eric Gryba and loses puck.
8:30 of 3rd period - Slapshot by Keith Aulie.
8:30 of 3rd period - Stopped by Henrik Lundqvist with a rebound.
8:32 of 3rd period - Backhand shot by Marian Hossa.
8:32 of 3rd period - Stopped by Henrik Lundqvist with a rebound.
8:34 of 3rd period - Slapshot by Danny DeKeiser.
8:34 of 3rd period - Stopped by Henrik Lundqvist without a rebound.
8:35 of 3rd period - David Backes wins face-off versus Thomas Vanek in Flames zone.
8:42 of 3rd period - Snap shot by David Backes.
8:42 of 3rd period - Shot Blocked by Thomas Vanek.
8:44 of 3rd period - Snap shot by David Backes.
8:44 of 3rd period - Shot Misses the Net.
8:46 of 3rd period - Slapshot by Erik Johnson.
8:46 of 3rd period - Deflect By Eric Staal.
8:46 of 3rd period - Shot Misses the Net.
8:46 of 3rd period - Puck is out of play.
8:47 of 3rd period - Eric Staal wins face-off versus Logan Couture in Penguins zone.
8:48 of 3rd period - Snap shot by Brad Marchand.
8:48 of 3rd period - Shot Blocked by Marian Hossa.
9:05 of 3rd period - Minor Penalty to Marian Hossa for Tripping.
9:06 of 3rd period - Tyler Shattock wins face-off versus Steven Stamkos in Penguins zone.
9:20 of 3rd period - Wrist shot by Eric Staal.
9:20 of 3rd period - Goal by Eric Staal - Penguins : 0 - Flames : 3.
9:21 of 3rd period - Eric Staal wins face-off versus Steven Stamkos in neutral zone.
9:34 of 3rd period - Wrist shot by Steven Stamkos.
9:34 of 3rd period - Stopped by Henrik Lundqvist with a rebound.
10:34 of 3rd period - Slapshot by Nikita Kucherov.
10:34 of 3rd period - Stopped by Henrik Lundqvist with a rebound.
10:46 of 3rd period - Nikita Kucherov is hit by Derek Meech and loses puck.
11:02 of 3rd period - Off-side.
11:03 of 3rd period - Eric Staal wins face-off versus Logan Couture in neutral zone.
11:20 of 3rd period - Wrist shot by David Backes.
11:20 of 3rd period - Stopped by Michal Neuvirth with a rebound.
11:34 of 3rd period - Wrist shot by Andrew Cogliano.
11:34 of 3rd period - Stopped by Henrik Lundqvist with a rebound.
11:36 of 3rd period - Slapshot by Eric Gryba.
11:36 of 3rd period - Shot Misses the Net.
11:38 of 3rd period - Slapshot by Alexei Marchenko.
11:38 of 3rd period - Stopped by Henrik Lundqvist with a rebound.
11:40 of 3rd period - Slapshot by Eric Gryba.
11:40 of 3rd period - Shot Misses the Net.
11:42 of 3rd period - Snap shot by Nikita Kucherov.
11:42 of 3rd period - Deflect By David Backes.
11:42 of 3rd period - Stopped by Henrik Lundqvist without a rebound.
11:43 of 3rd period - Joe Colborne wins face-off versus Patrik Berglund in Flames zone.
11:59 of 3rd period - Minor Penalty to Alexander Semin for Roughing.
12:00 of 3rd period - Steven Stamkos wins face-off versus David Backes in Flames zone.
12:00 of 3rd period - Wrist shot by Nikita Kucherov.
12:00 of 3rd period - Deflect By Steven Stamkos.
12:00 of 3rd period - Stopped by Henrik Lundqvist without a rebound.
12:01 of 3rd period - Patrik Berglund wins face-off versus Nikita Kucherov in Flames zone.
12:14 of 3rd period - Erik Johnson is hit by Andrew Cogliano and loses puck.
12:32 of 3rd period - Snap shot by Thomas Vanek.
12:32 of 3rd period - Stopped by Henrik Lundqvist with a rebound.
13:59 of 3rd period - Penalty to Alexander Semin is over, Alexander Semin is back on ice.
14:23 of 3rd period - Minor Penalty to Joe Colborne for Hooking.
14:24 of 3rd period - Eric Staal wins face-off versus Steven Stamkos in Penguins zone.
14:40 of 3rd period - Snap shot by Eric Staal.
14:40 of 3rd period - Stopped by Michal Neuvirth with a rebound.
16:04 of 3rd period - Patrik Berglund is hit by Victor Hedman and loses puck.
16:23 of 3rd period - Penalty to Joe Colborne is over, Joe Colborne is back on ice.
16:49 of 3rd period - Off-side.
16:50 of 3rd period - Colin Wilson wins face-off versus Logan Couture in neutral zone.
17:15 of 3rd period - David Ullstrom is hit by Joe Colborne and loses puck.
17:22 of 3rd period - Wrist shot by Joe Colborne.
17:22 of 3rd period - Stopped by Henrik Lundqvist without a rebound.
17:23 of 3rd period - Patrik Berglund wins face-off versus Steven Stamkos in Flames zone.
17:32 of 3rd period - Wrist shot by Patrik Berglund.
17:32 of 3rd period - Stopped by Michal Neuvirth without a rebound.
17:33 of 3rd period - Patrik Berglund wins face-off versus Steven Stamkos in Penguins zone.
17:34 of 3rd period - Wrist shot by Alexander Semin.
17:34 of 3rd period - Shot Misses the Net.
17:36 of 3rd period - Minor Penalty to Nikita Kucherov for Interference.
17:37 of 3rd period - Alexander Semin wins face-off versus Steven Stamkos in Penguins zone.
17:48 of 3rd period - Wrist shot by Eric Staal.
17:48 of 3rd period - Deflect By Alexander Semin.
17:48 of 3rd period - Stopped by Michal Neuvirth without a rebound.
17:49 of 3rd period - Steven Stamkos wins face-off versus Eric Staal in Penguins zone.
18:02 of 3rd period - Snap shot by Eric Staal.
18:02 of 3rd period - Stopped by Michal Neuvirth without a rebound.
18:03 of 3rd period - Eric Staal wins face-off versus Steven Stamkos in Penguins zone.
18:04 of 3rd period - Slapshot by Sami Vatanen.
18:04 of 3rd period - Goal by Sami Vatanen - Penguins : 0 - Flames : 4.
18:05 of 3rd period - Steven Stamkos wins face-off versus Eric Staal in neutral zone.
18:21 of 3rd period - Wrist shot by Eric Staal.
18:21 of 3rd period - Stopped by Michal Neuvirth with a rebound.
18:41 of 3rd period - Snap shot by Thomas Vanek.
18:41 of 3rd period - Shot Misses the Net.
19:23 of 3rd period - Slapshot by Keith Aulie.
19:23 of 3rd period - Shot Blocked by Sami Vatanen.
Goals for this period are 0 for Penguins vs 2 for Flames.
Shots for this period are 14 for Penguins vs 10 for Flames.